 Dungeon Crawl Stone Soup version 0.29-a0-330-g52719c12eb (webtiles) character file.

Game seed: 12986060180721298208

8656 Crownlay the Thaumaturge (level 11, 0/54 HPs)
             Began as a Gargoyle Earth Elementalist on Apr 12, 2022.
             Slain by a human
             ... wielding a +1 vorpal hand axe
              (5 damage)
             ... in a bailey.
             The game lasted 00:24:20 (12151 turns).

Crownlay the Thaumaturge (GrEE)                    Turns: 12151, Time: 00:24:21

Health: 0/54       AC: 12    Str: 13    XL:     11   Next: 34%
Magic:  25/26      EV: 10    Int: 22    God:
Gold:   300        SH: 10    Dex: 13    Spells: 27/33 levels left

rFire   + . .      SeeInvis .   v - +8 war axe of the Gnat {vorpal, Int+3 Dex+3}
rCold   + . .      Faith    .   x - +0 kite shield of Snakes and Ladders {Will++}
rNeg    + . .      Spirit   .   b - +0 robe
rPois   ∞          Reflect  .   y - +0 helmet
rElec   +          Harm     .   B - scarf {rC+ rF+}
rCorr   .          Rampage  .   j - +0 pair of gloves
Will    ++...                   (no boots)
Stlth   ++........              (no amulet)
HPRegen 0.18/turn               (no ring)
MPRegen 0.20/turn               (no ring)

@: studying Axes
A: sickness immunity, AC +8, negative energy resistance 1, electricity
resistance, torment resistance 1, petrification resistance
a: no special abilities


You were in a bailey.
You visited 2 branches of the dungeon, and saw 10 of its levels.
You also visited: Ossuary and Bailey.

You collected 430 gold pieces.
You spent 130 gold pieces at shops.

Inventory:

Hand Weapons
 l - a +1 dagger of venom
 t - a +1 hand axe of electrocution
 v - the +8 war axe of the Gnat (weapon) {vorpal, Int+3 Dex+3}
   (You found it on level 4 of the Dungeon)

   It inflicts extra damage upon your enemies.
   Int:       It affects your intelligence (+3).
   Dex:       It affects your dexterity (+3).
Missiles
 a - 106 stones
Armour
 b - a +0 robe (worn)
 j - a +0 pair of gloves (worn)
 x - the +0 kite shield of Snakes and Ladders (worn) {Will++}
   (You found it on level 4 of the Dungeon)

   Will:      It greatly increases your willpower.
 y - a +0 helmet (worn)
 B - a scarf of resistance (worn)
Magical Staves
 e - a staff of air
Jewellery
 g - an amulet of faith
 p - an amulet of the acrobat
Wands
 q - a wand of mindburst (22)
 r - a wand of digging (4)
 u - a wand of paralysis (5)
 E - a wand of acid (10)
Scrolls
 f - 2 scrolls of enchant armour
 h - 4 scrolls of blinking
 k - a scroll of amnesia {unknown}
 o - 11 scrolls of teleportation
 A - a scroll of enchant weapon {unknown}
 C - a scroll of torment {unknown}
 G - a scroll of fog
Potions
 c - a potion of magic
 d - a potion of lignification {unknown}
 i - 7 potions of brilliance
 m - 4 potions of might
 n - 4 potions of mutation {unknown}
 s - 7 potions of curing
 w - 4 potions of heal wounds
 z - 2 potions of flight {unknown}
 D - a potion of ambrosia {unknown}
 F - a potion of haste {unknown}


   Skills:
 - Level 1.5 Dodging
 - Level 2.1 Stealth
 + Level 7.8 Shields
 * Level 11.8 Spellcasting
 + Level 5.8 Conjurations
 - Level 0.7 Transmutations
 - Level 10.0 Earth Magic


You had 27 spell levels left.
You knew the following spells:

 Your Spells              Type           Power      Damage    Failure   Level
a - Sandblast             Erth           100%       2d20      1%          1
b - Passwall              Tmut/Erth      30%        N/A       1%          2
c - Stone Arrow           Conj/Erth      94%        3d12      1%          3

Your spell library contained the following spells:

 Spells                   Type           Power      Damage    Failure   Level
 Sting                    Tmut/Pois      56%        1d5       11%         1
 Petrify                  Tmut/Erth      36%        N/A       14%         4
 Iskenderun's Battlesphe  Conj           38%        2d9       30%         5
 Call Canine Familiar     Summ           13%        N/A       36%         3
 Tukima's Dance           Hex            13%        N/A       36%         3
 Iron Shot                Conj/Erth      23%        9d5       58%         6
 Anguish                  Hex/Necr       6%         N/A       77%         4
 Enfeeble                 Hex            6%         N/A       100%        7
 Spellforged Servitor     Conj/Summ      12%        N/A       100%        7
 Summon Horrible Things   Summ           6%         N/A       100%        8
 Chain Lightning          Conj/Air       12%        3d16      100%        9


Dungeon Overview and Level Annotations

Branches:
Dungeon (9/15)             Temple (1/1) D:7         Ossuary (visited)
 Bailey (1/1)
   Lair: D:8-11         Orc: D:9-12

Altars:
Ashenzari
Cheibriados
Dithmenos
Elyvilon
Gozag
Hepliaklqana
Kikubaaqudgha
Makhleb
Nemelex Xobeh
Okawaru
Qazlal
Ru
Sif Muna
Trog
Uskayaw
Wu Jian
Xom
Yredelemnul
Zin
The Shining One

Shops:
D:5 *   D:8 :

Annotations:
D:8 1 runed translucent door, wakim's ghost, novice TeAE


Innate Abilities, Weirdness & Mutations

You are immune to sickness and miasma.
Your stone body is resilient. (AC +8)
You are immune to poison.
You resist negative energy. (rN+)
You are resistant to electric shocks. (rElec)
You are resistant to unholy torment.
You are immune to petrification.


Message History

The orc warrior is severely wounded.
You hit the human. You hit the human but do no damage.
The human hits you with a +0 war axe. The human completely misses you.
The human hits you but does no damage.
The orc warrior hits you with a +0 hand axe!
You block the orc warrior's attack.
The human hits you with a +1 vorpal hand axe.
You slash the orc warrior!
You kill the orc warrior!
You hit the human. You slash the orc warrior! You hit the human.
The orc warrior hits you but does no damage.
You block the human's attack.
The human hits you with a +1 vorpal hand axe.
The human hits you but does no damage. You block the orc warrior's attack.
The human hits you but does no damage.
You are too injured to fight recklessly!
You are too injured to fight recklessly!
You are too injured to fight recklessly!
You are too injured to fight recklessly!
You hit the orc warrior.
The orc warrior is severely wounded.
You hit the human. You closely miss the human.
The orc warrior hits you with a +0 hand axe.
The human hits you but does no damage. You block the human's attack.
You slash the orc warrior!
You kill the orc warrior!
You barely miss the human. You hit the human. You block the human's attack. x2
You block the goblin's attack. The human hits you with a +0 war axe!
* * * LOW HITPOINT WARNING * * *
The human hits you with a +1 vorpal hand axe.
* * * LOW HITPOINT WARNING * * *
x2
Casting: Sandblast (safe; 1% risk of failure)
Confirm with . or Enter, or press ? or * to list all spells.
Aiming: Sandblast (safe; 1% risk of failure)
Press: ? - help, Shift-Dir - straight line, f - human
Aim: a human, wielding a +0 war axe and wearing a +0 ring mail (heavily wounded, 80% to hit)
The blast of sand hits the human!
The human is severely wounded.
The human hits you with a +1 vorpal hand axe.
You die...

##### ##...##
#.....#
#.∩.∩.#
######.....#
##....##...##
#.....p#'#+#
#.g@.# ##p).#
#...# #...#
#..## #..+
####


You could see 2 humans and a goblin.

Vanquished Creatures
  A two-headed ogre (D:8)
  Pikel (D:4)
  Sigmund (D:2)
  2 wyverns (D:7)
  Eustachio (D:4)
  2 wraiths (D:9)
  21 yaks
  A water moccasin (D:9)
  4 orc warriors
  3 black bears
  A sky beast (D:8)
  2 wolves (D:9)
  A centaur (D:7)
  4 ogres
  A lemure (D:4)
  2 phantoms
  An elf zombie (Ossuary)
  2 bullfrogs
  2 kobold brigands
  Blork the orc (D:6)
  A gnoll sergeant (D:9)
  A necrophage (D:5)
  2 scorpions
  7 wights
  4 killer bees (D:8)
  A howler monkey (D:6)
  2 hounds
  A human zombie (Ossuary)
  2 centaur zombies (Ossuary)
  7 orc priests
  3 iguanas
  7 orc wizards
  2 centaur simulacra (D:9)
  2 mummies (Ossuary)
  3 gnolls (D:9)
  9 adders
  A shadow imp (D:6)
  4 white imps
  3 howler monkey simulacra (D:9)
  3 ufetubi
  2 adder zombies (Ossuary)
  3 dart slugs
  27 orcs
  2 ball pythons (D:4)
  3 endoplasms
  2 giant cockroaches (D:1)
  10 goblins
  9 hobgoblins
  12 jackals (D:1)
  A quokka (D:3)
  3 bats
  3 frilled lizards
  A goblin zombie (Ossuary)
  6 hobgoblin zombies (Ossuary)
  3 jackal zombies (Ossuary)
  11 kobolds
  11 kobold zombies (Ossuary)
  9 orc zombies (Ossuary)
  9 rats
  A rat zombie (Ossuary)
247 creatures vanquished.

Vanquished Creatures (others)
  A plant (D:3)
1 creature vanquished.

Grand Total: 248 creatures vanquished

Notes
Turn   | Place    | Note
-------+----------+-------------------------------------------
     0 | D:1      | Crownlay the Gargoyle Earth Elementalist began the quest
                  | for the Orb.
     0 | D:1      | Reached XP level 1. HP: 10/10 MP: 3/3
    91 | D:1      | Found a faded altar of an unknown god.
    95 | D:1      | Got Plato's Papyrus of Toxins
   378 | D:1      | Reached XP level 2. HP: 14/15 MP: 5/5
   885 | D:1      | Reached XP level 3. HP: 17/19 MP: 1/7
  1112 | D:1      | Reached skill level 3 in Spellcasting
  1362 | D:2      | Noticed Sigmund
  1451 | D:1      | Learned a level 2 spell: Passwall
  1455 | D:1      | Learned a level 3 spell: Stone Arrow
  2301 | D:2      | Killed Sigmund
  2302 | D:2      | Reached skill level 4 in Spellcasting
  2302 | D:2      | Reached skill level 5 in Earth Magic
  2302 | D:2      | Reached XP level 4. HP: 15/24 MP: 3/10
  2302 | D:2      | Reached XP level 5. HP: 18/28 MP: 3/11
  2478 | D:2      | Reached XP level 6. HP: 32/32 MP: 10/13
  2891 | D:2      | Reached skill level 5 in Spellcasting
  4447 | D:4      | Identified the +8 war axe of the Gnat {vorpal, Int+3 Dex+3}
  4607 | D:4      | Reached XP level 7. HP: 36/36 MP: 15/15
  4607 | D:4      | Noticed Pikel
  4630 | D:4      | Killed Pikel
  4631 | D:4      | Reached skill level 6 in Spellcasting
  4631 | D:4      | Reached XP level 8. HP: 5/41 MP: 14/18
  4635 | D:4      | Reached skill level 7 in Spellcasting
  4958 | D:4      | Identified the +0 kite shield of Snakes and Ladders
                  | {Will++}
  5078 | D:4      | Found a stormy altar of Qazlal.
  5232 | D:4      | Noticed Eustachio
  5269 | D:4      | HP: 2/41 [something (1)]
  5270 | D:4      | Killed Eustachio
  5271 | D:4      | Reached skill level 1 in Shields
  5823 | D:5      | Entered Level 5 of the Dungeon
  6053 | D:5      | Found Xitu's General Store.
  6066 | D:5      | Bought a potion of might for 52 gold pieces
  6066 | D:5      | Bought a potion of attraction for 39 gold pieces
  6066 | D:5      | Bought a potion of curing for 39 gold pieces
  6263 | D:5      | Found a sand-covered staircase.
  6271 | Ossuary  | Entered an ossuary
  6718 | D:5      | Reached skill level 8 in Spellcasting
  6970 | D:5      | Reached XP level 9. HP: 42/45 MP: 21/21
  7634 | D:5      | Found a shimmering altar of Xom.
  7756 | D:6      | Found a hide-covered altar of Uskayaw.
  7891 | D:6      | You fall into a shaft and drop 2 floors!
  7982 | D:7      | Reached skill level 9 in Spellcasting
  8490 | D:6      | Reached skill level 5 in Shields
  8700 | D:6      | Noticed Blork the orc
  8812 | D:6      | Killed Blork the orc
  8930 | D:7      | Found a staircase to the Ecumenical Temple.
  8939 | Temple   | Entered the Ecumenical Temple
  9215 | D:7      | Reached skill level 1 in Conjurations
  9262 | D:7      | Found an ancient bone altar of Kikubaaqudgha.
  9329 | D:7      | Reached XP level 10. HP: 45/50 MP: 8/23
  9615 | D:7      | Reached skill level 10 in Spellcasting
  9951 | D:7      | Reached skill level 10 in Earth Magic
 10468 | D:8      | Found a bloodstained altar of Trog.
 10470 | D:8      | Found Bupheug's Book Shop.
 10571 | D:8      | Found a runed translucent door.
 10822 | D:8      | Found an ornate altar of the Wu Jian Council.
 10956 | D:8      | Noticed a two-headed ogre
 10961 | D:8      | Killed a two-headed ogre
 10962 | D:8      | Reached skill level 11 in Spellcasting
 11258 | D:8      | Found a broken altar of Ashenzari.
 11271 | D:8      | Noticed a tengu warrior
 11273 | D:8      | Noticed wakim's ghost (novice TeAE)
 11540 | D:9      | Reached XP level 11. HP: 53/54 MP: 5/26
 11565 | D:9      | Reached skill level 5 in Conjurations
 11967 | D:9      | Noticed a cyclops
 11983 | D:9      | Got the Almanac of the Supportive Birds
 12058 | D:9      | Found a flagged portal.
 12069 | Bailey   | Entered a bailey
 12151 | Bailey   | Slain by a human

Illustrated notes

Levels and vault maps discovered:
D:1:      sevenhm_arrival_forest_fort_large_4, layout_loops_corners,
          shapermc_ecumenical_altar_rom_forum, st_stairs_7,
          minmay_curled_crystal
D:2:      minmay_wonky_spiral, layout_basic, serial_glass, glass_columns_b,
          glass_columns_c, glass_columns_b,
          wander_ebering_terrifying_dragon_lair, uniq_sigmund
D:3:      layout_basic, serial_forest, infiniplex_forest_end_1,
          infiniplex_forest_clump_C, infiniplex_forest_lined_4_way,
          infiniplex_forest_end_3, infiniplex_forest_straight_3,
          infiniplex_forest_straight_4, infiniplex_forest_lined_2
D:4:      layout_loops_corners, nicolae_qazlal_eye_of_the_storm,
          chequers_serial_rivers_micro_b, uniq_pikel, uniq_eustachio
D:5:      layout_basic, lemuel_round_altar, nicolae_ossuary_entry_plus,
          serial_shops, shop, kennysheep_windowed_goal
D:6:      layout_rooms, eat_drink_and_be_merry_uskayaw, uniq_blork_the_orc
D:7:      layout_rooms, mainiacjoe_overflow_alcove_2,
          minmay_temple_entry_statues_fountains, hangedman_decor_lopped,
          minivault_11
D:8:      layout_cave_pools, nicolae_overflow_hidden_temple,
          serial_column_ruins, column_ruins_circle_medium,
          column_ruins_open_small, column_ruins_open_tiny, column_ruins_grid_1,
          column_ruins_grid_3, serial_shops, nicolae_shop_waterfront,
          ebering_ghost_inner_flame, minmay_manual_macuahuitl
D:9:      layout_small_grid, serial_ice, serial_ice_d, serial_ice_h,
          serial_ice_o, serial_ice_c, enter_bailey_5
Temple:   dshaligram_water_room_temple
Bailey:   bailey_axe_froggy_fort_hellmonk, bailey

Skill      XL: |  1  2  3  4  5  6  7  8  9 10 11 |
---------------+----------------------------------+-----
Earth Magic    | 4 5 6 7 8 9 10 | 10.0
Spellcasting   | 4 5 6 8 9 11 | 11.8
Shields        | 3 5 7 |  7.8
Conjurations   | 1 4 5 |  5.8
Dodging        | |  1.5
Stealth        | |  2.1
Transmutations | |  0.7

Action                   |  1- 3 |  4- 6 |  7- 9 | 10-12 || total
-------------------------+-------+-------+-------+-------++-------
Melee: Mace              |    48 |       |       |       ||    48
       Dagger            |    22 |    73 |       |       ||    95
       Hand axe          |       |    22 |       |       ||    22
       War axe           |       |     9 |   220 |    39 ||   268
       Punch             |       |     1 |     1 |       ||     2
 Cast: Sandblast         |    21 |    20 |    31 |    95 ||   167
       Stone Arrow       |       |       |    25 |    55 ||    80
  Use: Scroll            |       |       |     3 |     4 ||     7
       Potion            |       |       |       |     1 ||     1
 Stab: Sleeping          |       |     4 |     4 |       ||     8
       Distracted        |       |     1 |       |       ||     1
Armor: Robe              |    41 |    29 |   132 |    56 ||   258
Dodge: Dodged            |    44 |    58 |   134 |    77 ||   313
Block: Kite shield       |       |       |   106 |    87 ||   193

Table legend: (Time is in decaauts)
 A = Elapsed time spent in this place.
 B = Non-inter-level travel time spent in this place.
 C = Inter-level travel time spent in this place.
 D = Time resting spent in this place.
 E = Time spent auto-exploring this place.
 F = Levels seen in this place.
 G = Mean time per level.
                   A        B        C        D        E       F      G
               +--------+--------+--------+--------+--------+-----+--------+
         Total |  12370 |  12081 |    289 |    510 |   9376 |  12 | 1030.8 |
       Dungeon |  11692 |  11424 |    268 |    510 |   8962 |   9 | 1299.1 |
        Temple |     90 |     69 |     21 |      0 |     60 |   1 |   90.0 |
       Ossuary |    501 |    501 |      0 |      0 |    283 |   1 |  501.0 |
        Bailey |     86 |     86 |      0 |      0 |     71 |   1 |   86.0 |
               +--------+--------+--------+--------+--------+-----+--------+

Top non-repeatable levels by time:
     D:1: 2242 daAuts
     D:5: 1834 daAuts
     D:4: 1816 daAuts
     D:7: 1451 daAuts
     D:8: 1308 daAuts
     D:3: 1006 daAuts
     D:2: 827 daAuts
     D:6: 708 daAuts
 Ossuary: 501 daAuts
     D:9: 496 daAuts
  Temple: 90 daAuts
  Bailey: 86 daAuts
